 Dungeon Crawl Stone Soup version 0.28-a0-906-g0406aca7d3 (webtiles) character file.

Game seed: 11191145884397606800

32 siradein the Vexing (level 3, -2/20 HPs)
             Began as a Deep Elf Arcane Marksman on Nov 23, 2021.
             Succumbed to an adder's poison
             ... on level 2 of the Dungeon.
             The game lasted 00:04:59 (1833 turns).

siradein the Vexing (Deep Elf Arcane Marksman)      Turns: 1833, Time: 00:05:00

Health: -2/20      AC:  3    Str:  7    XL:     3   Next: 8%
Magic:  8/8        EV: 12    Int: 18    God:
Gold:   75         SH:  0    Dex: 15    Spells: 2/6 levels left

rFire   . . .      SeeInvis .   f - +1 spear (vorpal)
rCold   . . .      Faith    .   (no shield)
rNeg    . . .      Spirit   .   g - +0 leather armour
rPois   .          Reflect  .   (no helmet)
rElec   .          Harm     .   j - scarf {repulsion}
rCorr   .          Rampage  .   (no gloves)
Will    .....                   (no boots)
Stlth   +.........              (no amulet)
HPRegen 0.06/turn               (no ring)
MPRegen 0.11/turn               (no ring)

@: lethally poisoned (-2 -> -13), repel missiles
A: no striking features
a: no special abilities


You were on level 2 of the Dungeon.
You visited 1 branch of the dungeon, and saw 2 of its levels.

You collected 75 gold pieces.

Inventory:

Hand Weapons
 a - a +0 hand crossbow
 f - a +1 vorpal spear (weapon)
Missiles
 c - 17 bolts
 i - 3 stones
 k - 37 sling bullets
Armour
 g - a +0 leather armour (worn)
 j - a scarf of repulsion (worn)
Scrolls
 d - a scroll of vulnerability {unknown}
 h - a scroll of identify {unknown}
 l - a scroll of silence {unknown}
 m - a scroll of noise {unknown}
Potions
 b - a potion of lignification {unknown}
 e - a potion of curing {unknown}


   Skills:
 + Level 1.2 Fighting
 + Level 2.1 Crossbows
 + Level 2.9 Dodging
 + Level 2.2 Spellcasting
 + Level 4.4 Hexes


You had 2 spell levels left.
You knew the following spells:

 Your Spells              Type           Power      Damage    Failure   Level
a - Slow                  Hex            68%        N/A       4%          1
b - Inner Flame           Hex/Fire       9%         N/A       32%         3

Your spell library contained the following spells:

 Spells                   Type           Power      Damage    Failure   Level
 Portal Projectile        Hex/Tloc       18%        N/A       32%         3
 Cause Fear               Hex            8%         N/A       41%         4


Dungeon Overview and Level Annotations

Branches:
Dungeon (2/15)

Altars:
Kikubaaqudgha


Message History

You shoot a bolt. The bolt hits the adder.
The adder is severely wounded.
The adder bites you. x2
You shoot a bolt. The bolt closely misses the adder.
The adder bites you.
You shoot a bolt. The bolt completely misses the adder.
The adder bites you.
You are too injured to fight recklessly!
You are too injured to fight recklessly!
You are too injured to fight recklessly!
f - a +1 vorpal spear (weapon)
The adder barely misses you.
You barely miss the adder.
The adder is severely wounded.
The adder closely misses you. The adder bites you but does no damage.
The adder is no longer moving slowly.
You hit the adder.
The adder is severely wounded.
The adder bites you but does no damage.
You miss the adder.
The adder is severely wounded.
The adder barely misses you. x2
You closely miss the adder.
The adder is severely wounded.
The adder bites you.
You closely miss the adder.
The adder is severely wounded.
The adder bites you.
* * * LOW HITPOINT WARNING * * *
You are lethally poisoned!
The adder poisons you! The adder bites you but does no damage.
You miss the adder.
The adder is severely wounded.
* * * LOW HITPOINT WARNING * * *
You feel sick. The adder bites you.
* * * LOW HITPOINT WARNING * * *
You are more poisoned.
The adder poisons you!
You barely miss the adder.
The adder is severely wounded.
You die...

#.# #. #.# ..
#.########.##
#
#.........)..
#####.####.##
##.# #####..#
#...#.#####
###
#.@S..(..>#
#..
#...#####....
#.. ##### ..
#.. ....#
..## # . . ##


You could see an adder.

Vanquished Creatures
  A worm (D:2)
  4 ball pythons
  A bat (D:1)
  4 endoplasms
  2 giant cockroaches
  4 goblins
  3 hobgoblins
  A quokka (D:1)
  3 frilled lizards
  A kobold (D:2)
24 creatures vanquished.

Notes
Turn   | Place    | Note
-------+----------+-------------------------------------------
     0 | D:1      | siradein the Deep Elf Arcane Marksman began the quest for
                  | the Orb.
     0 | D:1      | Reached XP level 1. HP: 11/11 MP: 5/5
   390 | D:1      | Reached skill level 1 in Fighting
   503 | D:1      | Reached XP level 2. HP: 16/16 MP: 6/6
  1312 | D:2      | Found an ancient bone altar of Kikubaaqudgha.
  1520 | D:2      | Reached XP level 3. HP: 10/20 MP: 8/8
  1524 | D:2      | Learned a level 3 spell: Inner Flame
  1832 | D:2      | HP: 1/20 [adder (3)]
  1833 | D:2      | Succumbed to an adder's poison

Illustrated notes

Levels and vault maps discovered:
D:1:      lightli_molten_gateway, layout_basic, kennysheep_decorative_pillar,
          st_stairs_14
D:2:      layout_rooms, basic_altar, wad_floor_pattern_untrapped,
          minmay_misc_feat_ornament

Skill      XL: |  1  2 |
---------------+-------+-----
Fighting       | 1 |  1.2
Crossbows      | 2 |  2.1
Spellcasting   | 2 |  2.2
Dodging        | |  2.9
Hexes          | |  4.4

Action                   || total
-------------------------++-------
Melee: Spear             ||    64
 Fire: Hand crossbow     ||    25
 Cast: Slow              ||    20
Armor: Leather armour    ||    19
Dodge: Dodged            ||    23

Table legend: (Time is in decaauts)
 A = Elapsed time spent in this place.
 B = Non-inter-level travel time spent in this place.
 C = Inter-level travel time spent in this place.
 D = Time resting spent in this place.
 E = Time spent auto-exploring this place.
 F = Levels seen in this place.
 G = Mean time per level.
                   A        B        C        D        E       F      G
               +--------+--------+--------+--------+--------+-----+--------+
         Total |   1847 |   1830 |     17 |      2 |   1480 |   2 |  923.5 |
       Dungeon |   1847 |   1830 |     17 |      2 |   1480 |   2 |  923.5 |
               +--------+--------+--------+--------+--------+-----+--------+

Top non-repeatable levels by time:
     D:1: 1069 daAuts
     D:2: 778 daAuts
